[Event "FIDE World School-ch O-9 2025"]
[Site "Vrnjacka Banja"]
[Date "2025.03.26"]
[Round "7.5"]
[White "Khabul, Chinzorig"]
[Black "Bondarev, Fedor"]
[Result "0-1"]
[Annotator "NA RC"]
[ECO "E35"]
[WhiteElo "1513"]
[BlackElo "1598"]
[PlyCount "132"]
[EventDate "2025.03.19"]
[EventType "swiss"]
[EventCountry "SRB"]
[SourceTitle "playchess.com"]
[Source "ChessBase"]
[SourceQuality "1"]
[TimeControl "5400+30"]

1. d4 Nf6 2. c4 e6 3. Nc3 Bb4 4. Qc2 d5 5. cxd5 exd5 6. Bg5 O-O 7. e3 h6 8. Bh4 c6 9. Bd3 Nbd7 10. Nge2 Be7 11. Bg3 a6 12. O-O Nh5 13. Rfe1 Nxg3 14. Nxg3 Nf6 15. Rad1 Be6 16. Bf1 Rc8 17. e4 dxe4 18. Ngxe4 Nd5 19. a3 Qc7 20. b4 Rfd8 21. Nc5 Bxc5 22. dxc5 Nxc3 23. Qxc3 Qf4 24. h3 Qh4 25. Be2 Qf6 26. Qxf6 gxf6 27. Bf3 Kg7 28. Kh2 f5 29. Kg3 Kf6 30. Kf4 Bb3 31. Rb1 Bc2 32. Rb2 Rd4+ 33. Kg3 Rg8+ 34. Kh2 Be4 35. Bxe4 fxe4 36. Re3 Ke5 37. Rbe2 f5 38. f3 Rgd8 39. fxe4 f4 40. Rb3 Rd3 41. Reb2 Kxe4 42. Re2+ Re3 43. Reb2 Rxb3 44. Rxb3 Rd3 45. Rxd3 Kxd3 46. g3 Ke3 47. gxf4 Kxf4 48. Kg2 h5 49. a4 h4 50. Kf2 Ke4 51. Ke2 Kd4 52. Kf3 a5 53. bxa5 Kxc5 54. Kg4 Kd4 55. Kxh4 c5 56. Kg4 c4 57. Kf3 Kd3 58. h4 c3 59. h5 c2 60. h6 c1=Q 61. h7 Qh1+ 62. Kg3 Qxh7 63. a6 Ke3 64. a7 Qg8+ 65. Kh2 Kf2 66. a8=Q Qg2# 0-1